 Dungeon Crawl Stone Soup version 0.27.1-1-g398f81649c (webtiles) character file.

Game seed: 6863365756895058441

9 nxtlvl the Ruffian (level 2, -4/29 HPs)
             Began as a Troll Abyssal Knight on Sept 6, 2021.
             Was a Follower of Lugonu.
             Slain by Terence (6 damage)
             ... on level 2 of the Dungeon.
             The game lasted 00:02:02 (322 turns).

nxtlvl the Ruffian (Troll Abyssal Knight)            Turns: 322, Time: 00:02:03

Health: -4/29      AC:  4    Str: 19    XL:     2   Next: 6%
Magic:  2/2        EV:  9    Int:  8    God:    Lugonu [*.....]
Gold:   38         SH:  0    Dex:  9    Spells: 1/1 levels left

rFire    . . .     SeeInvis .     - Unarmed
rCold    . . .     Faith    .   (no shield)
rNeg     . . .     Spirit   .   a - +0 robe
rPois    .         Reflect  .   (helmet restricted)
rElec    .         Harm     .   (no cloak)
rCorr    .         Rampage  .   (gloves unavailable)
Will     .....                  (boots unavailable)
Stlth    +.........             (no amulet)
HPRegen  1.09/turn              (no ring)
MPRegen  0.08/turn              (no ring)

@: no status effects
A: large, unfitting armour, claws 3, regeneration 1, shaggy fur 1, tough skin 1
a: Renounce Religion, Depart the Abyss


You were on level 2 of the Dungeon.
You worshipped Lugonu.
Lugonu was aware of your devotion.
You visited 1 branch of the dungeon, and saw 2 of its levels.
You visited the Abyss 1 time.

You collected 38 gold pieces.

Inventory:

Missiles
 c - 17 sling bullets
Armour
 a - a +0 robe (worn)
Scrolls
 b - 2 scrolls of amnesia {unknown}
Potions
 d - a potion of haste {unknown}


   Skills:
 - Level 2.4 Fighting
 - Level 1.9 Dodging
 * Level 2.8 Unarmed Combat
 - Level 1.5 Invocations


You had one spell level left.
You didn't know any spells.
Your spell library was empty.

Dungeon Overview and Level Annotations

Branches:
Dungeon (2/15)

Altars:

Annotations:
D:2 Terence


Innate Abilities, Weirdness & Mutations

You are too large for most types of armour.
You have claws for hands.
Your natural rate of healing is unusually fast.
You are covered in fur. (AC +1)
You have tough skin. (AC +1)


Message History

Terence is moderately wounded.
Terence bares his teeth.
Terence hits you with a +3 morningstar of protection!
Ouch! That really hurt!
You are too injured to fight recklessly!
You are too injured to fight recklessly!
You are too injured to fight recklessly!
You are too injured to fight recklessly!
You are too injured to fight recklessly!
You are too injured to fight recklessly!
You barely miss Terence.
Terence is moderately wounded.
Terence barely misses you.
You closely miss Terence.
Terence is moderately wounded.
Terence closely misses you.
You scratch Terence but do no damage.
Terence is moderately wounded.
Terence completely misses you.
Press: ? - help, v - describe, . - travel
Here: Terence, wielding a +3 morningstar of protection and wearing a +0 chain mail (moderately wounded)
The floor.
You scratch Terence.
Terence is heavily wounded.
Terence closely misses you.
You scratch Terence but do no damage.
Terence is heavily wounded.
The endoplasm hits something.
Terence hits you with a +3 morningstar of protection!
You closely miss Terence.
Terence is heavily wounded.
The endoplasm hits something.
Terence asks, "Do you want it fast or slow?"
Terence hits you with a +3 morningstar of protection!
* * * LOW HITPOINT WARNING * * *
You scratch Terence but do no damage.
Terence is heavily wounded.
The endoplasm hits something.
Terence hits you with a +3 morningstar of protection.
You die...

. # ###### ...#>
#.<..# .....J###
#....##
....gK@@#########.# ##
...#J###.P..#P.P.###.#
#P..PP.P#.P.P...# #
.##P.P....#PPP.P.P##.#
#PPP.PP..P#...P..P..#
#..P.....P_..P..P.PP#
#.P...P.P.#.......P.#
###PPP....#.....P.##.#
#.P....P#PP..PPP# ##


You could see Terence, 2 endoplasms, a hobgoblin and a kobold.

Vanquished Creatures
  A dart slug (D:1)
  A hobgoblin (D:1)
  A ball python (D:1)
  2 bats (D:1)
  A frilled lizard (D:1)
  A kobold (D:1)
  2 rats (D:1)
9 creatures vanquished.

Vanquished Creatures (others)
  2 withered plants (D:2)
2 creatures vanquished.

Grand Total: 11 creatures vanquished

Notes
Turn   | Place    | Note
-------+----------+-------------------------------------------
     0 | Abyss:1  | nxtlvl the Troll Abyssal Knight began the quest for the
                  | Orb.
     0 | Abyss:1  | Reached XP level 1. HP: 22/22 MP: 1/1
    72 | D:1      | Escaped the Abyss
   260 | D:1      | Reached XP level 2. HP: 29/29 MP: 2/2
   283 | D:2      | Found a faded altar of an unknown god.
   308 | D:2      | Noticed Terence
   321 | D:2      | HP: 1/29 [Terence (9)]
   322 | D:2      | Slain by Terence

Illustrated notes

Levels and vault maps discovered:
D:1:      eino_arrival_tree_alley, layout_loops_ring, kennysheep_nondescript
D:2:      layout_rooms, shapermc_ecumenical_altar_gd, basic_altar, serial_shops,
          shop_statue, amcnicky_mini_rare_corridor_liquid, uniq_terence

Action                   || total
-------------------------++-------
Melee: Unarmed           ||    46
Armor: Robe              ||    13
Dodge: Dodged            ||    20
